 Dungeon Crawl Stone Soup version 0.32-a0-791-gfc315c9ecd (webtiles) character file.

Game seed: 9376912132851721296

17 cforsyth the Chopper (level 2, -1/26 HPs)
             Began as a Mountain Dwarf Cinder Acolyte on Mar 20, 2024.
             Was a High Priest of Ignis.
             Slain by Sigmund
             ... wielding a +0 scythe
              (4 damage)
             ... on level 2 of the Dungeon.
             The game lasted 00:01:19 (883 turns).

cforsyth the Chopper (Mountain Dwarf Cinder Acolyte) Turns: 883, Time: 00:01:20

Health: -1/26      AC:  2    Str: 16    XL:     2   Next: 44%
Magic:  3/3        EV: 10    Int: 14    God:    Ignis [*****.]
Gold:   45         SH:  0    Dex:  5    Spells: 1/3 levels left

rFire   + . .        a - -1 hand axe (flame)
rCold   . . .        (no shield)
rNeg    . . .        b - +0 robe
rPois   .            (no helmet)
rElec   .            (no cloak)
rCorr   .            (no gloves)
SInv    .            (no boots)
Will    .....        (no amulet)
Stlth   +            (no ring)
HPRegen 0.24/turn    (no ring)
MPRegen 0.08/turn

%: no passive effects
@: no status effects
A: runic magic, artefact enchanting
a: Renounce Religion, Fiery Armour, Foxfire Swarm, Rising Flame


You were on level 2 of the Dungeon.
You worshipped Ignis.
Ignis was extremely pleased with you.
You visited 1 branch of the dungeon, and saw 2 of its levels.

You collected 45 gold pieces.


Innate Abilities, Weirdness & Mutations

Your spellcasting is much less encumbered by armour.
You can use scrolls of enchantment on lesser artefacts.


   Skills:
 + Level 3.5 Fighting
 + Level 3.9 Axes
 + Level 0.8 Armour
 + Level 1.2 Spellcasting
 + Level 3.8 Fire Magic


You had one spell level left.
You knew the following spells:

 Your Spells              Type           Power      Damage    Failure   Level
X - Scorch                Fire           22%        2d5       8%          2

Your spell library contained the following spells:

 Spells                   Type           Power      Damage    Failure   Level
 Summon Forest            Summ/Tloc      0%         N/A       100%        5
 Summon Mana Viper        Hex/Summ       0%         N/A       100%        5
 Summon Cactus Giant      Summ           0%         N/A       100%        6

Inventory:

Hand Weapons
 a - a -1 hand axe of flaming (weapon)
Armour
 b - a +0 robe (worn)
Scrolls
 c - 2 scrolls of fog {unknown}
 d - 2 scrolls of teleportation {unknown}
Potions
 e - a potion of mutation {unknown}
 f - a potion of lignification {unknown}

Dungeon Overview and Level Annotations

Branches:
Dungeon (2/15)

Altars:

Annotations:
D:2 1 runed translucent door, Crazy Yiuf, Jessica, Sigmund

▒...▒ ▒)..▒ #.#
#.## ▒▒▒▒▒ #(#
...## #.# ....#
#.# ##...## #.####
####.....#
#.##.####.#.......
#.#..#.#..........
#@.#†.....†.......
#.####.#..........
#... ####.#.......
...#.. ####...$.#
###. .#. ##...##
## ##.# ....# #
...## #.## ..


There were no monsters in sight!


Message History

A magic dart appears from out of thin air!
The magic dart hits you.
A magic dart appears from out of thin air!
The magic dart hits you!
You're too confused to move!
You feel less confused.
A magic dart appears from out of thin air!
The magic dart hits you.
* * * LOW HITPOINT WARNING * * *
You see here a dart slug corpse.
You are confused.
Unknown command.
You bump into the rock wall.
You bump into the rock wall.
You're too confused to move!
Something hits you.
* * * LOW HITPOINT WARNING * * *
Unknown command.
Unknown command.
Something hits you but does no damage.
Unknown command.
Unknown command.
You're too confused to move!
You feel less confused. Something hits you!
* * * LOW HITPOINT WARNING * * *
There is a stone staircase leading up here.
Something hits you.
You die...
Ignis goes out, and joins you in death.

Action                     || total
---------------------------++-------
  Melee: Hand axe          ||    49
   Cast: Scorch            ||     2
 Armour: Robe              ||    40
  Dodge: Dodged            ||    26

Levels and vault maps discovered:
D:1:      elethiomel_arrival_shortcut, layout_rooms
D:2:      layout_loops_ring, nicolae_figureground_sparkle, uniq_sigmund,
          uniq_jessica, uniq_crazy_yiuf_cottage, uniq_robin

Notes
Turn   | Place    | Note
-------+----------+-------------------------------------------
     0 | D:1      | cforsyth the Mountain Dwarf Cinder Acolyte began the quest
                  | for the Orb.
     0 | D:1      | Reached XP level 1. HP: 19/19 MP: 2/2
   350 | D:1      | Reached XP level 2. HP: 23/26 MP: 3/3
   555 | D:2      | Found a runed translucent door.
   556 | D:2      | Noticed Crazy Yiuf
   716 | D:1      | Learned a level 2 spell: Scorch
   793 | D:2      | Noticed Jessica
   856 | D:2      | Noticed Sigmund
   880 | D:2      | HP: 2/26 [something (7)]
   883 | D:2      | Slain by Sigmund

Vanquished Creatures
  A ribbon worm (D:2)
  A dart slug (D:2)
  An endoplasm (D:1)
  A goblin (D:1)
  2 hobgoblins
  A ball python (D:1)
  A bat (D:2)
  A frilled lizard (D:1)
  2 kobolds (D:1)
  2 rats
13 creatures vanquished.

Table legend: (Time is in decaauts)
 A = Elapsed time spent in this place.
 B = Non-inter-level travel time spent in this place.
 C = Inter-level travel time spent in this place.
 D = Time resting spent in this place.
 E = Time spent auto-exploring this place.
 F = Levels seen in this place.
 G = Mean time per level.
                   A        B        C        D        E       F      G
               +--------+--------+--------+--------+--------+-----+--------+
         Total |    889 |    867 |     22 |    102 |    556 |   2 |  444.5 |
       Dungeon |    889 |    867 |     22 |    102 |    556 |   2 |  444.5 |
               +--------+--------+--------+--------+--------+-----+--------+

Top non-repeatable levels by time:
     D:1: 683 daAuts
     D:2: 206 daAuts

Table legend:
 A = Non-vault XP
 B = Vault XP
 C = Vault XP percentage of total XP
 D = Non-vault monster count
 E = Vault monster count
 F = Vault count percentage of total count
                 A         B        C        D         E       F
            +---------+---------+-------+---------+---------+-------
      Total |      25 |       0 |   0.0 |      13 |       0 |   0.0
            +---------+---------+-------+---------+---------+-------
        D:1 |      12 |       0 |   0.0 |       8 |       0 |   0.0
        D:2 |      13 |       0 |   0.0 |       5 |       0 |   0.0
            +---------+---------+-------+---------+---------+-------
